 Dungeon Crawl Stone Soup version 0.27.1-4-g1640c2035a (webtiles) character file.

Game seed: 13841620288413508679

154 AarnesTheHuman the Conjurer (level 5, -7/31 HPs)
             Began as an Octopode Conjurer on Nov 2, 2021.
             Shot with an arrow by a centaur (9 damage)
             ... on level 3 of the Dungeon.
             The game lasted 00:10:04 (3367 turns).

AarnesTheHuman the Conjurer (Octopode Conjurer)     Turns: 3367, Time: 00:10:05

Health: -7/31      AC:  1    Str:  6    XL:     5   Next: 35%
Magic:  4/9        EV: 13    Int: 21    God:
Gold:   91         SH:  0    Dex: 11    Spells: 7/10 levels left

rFire    . . .     SeeInvis .   a - +0 short sword (protect)
rCold    . . .     Faith    .   (no shield)
rNeg     . . .     Spirit   .   (helmet restricted)
rPois    .         Reflect  .   (no amulet)
rElec    .         Harm     .   (no ring)
rCorr    .         Rampage  .   (no ring)
Will     .....                  (no ring)
Stlth    +++.......             (no ring)
HPRegen  0.10/turn              (no ring)
MPRegen  0.11/turn              (no ring)
                                (no ring)
                                (no ring)

@: no status effects
A: almost no armour, amphibious, 8 rings, camouflage 1, gelatinous body 1,
(nimble swimmer 1), tentacles
a: no special abilities


You were on level 3 of the Dungeon.
You visited 1 branch of the dungeon, and saw 3 of its levels.

You collected 91 gold pieces.

Inventory:

Hand Weapons
 a - a +0 short sword of protection (weapon)
 b - a +0 hunting sling
 c - a +0 club
 l - a +0 dagger
Missiles
 f - 155 stones
 i - 22 sling bullets
 o - 9 poisoned darts
Magical Staves
 g - a staff of fire
Jewellery
 m - an amulet of guardian spirit
Scrolls
 h - a scroll of magic mapping {unknown}
 j - 4 scrolls of identify {unknown}
 k - a scroll of holy word {unknown}
 p - a scroll of amnesia {unknown}
Potions
 d - 3 potions of degeneration {unknown}
 e - a potion of invisibility {unknown}
 n - a potion of cancellation {unknown}


   Skills:
 + Level 3.1 Dodging
 + Level 4.4 Stealth
 + Level 3.0 Spellcasting
 + Level 4.7 Conjurations


You had 7 spell levels left.
You knew the following spells:

 Your Spells              Type           Power      Damage    Failure   Level
a - Magic Dart            Conj           92%        1d7       1%          1
b - Searing Ray           Conj           46%        3d4       3%          2

Your spell library contained the following spells:

 Spells                   Type           Power      Damage    Failure   Level
 Dazzling Flash           Conj/Hex       26%        N/A       16%         3
 Fulminant Prism          Conj/Hex       6%         3d7       45%         4
 Iskenderun's Mystic Bla  Conj/Tloc      13%        2d5       45%         4


Dungeon Overview and Level Annotations

Branches:
Dungeon (3/15)

Altars:

Shops:
D:2 !


Innate Abilities, Weirdness & Mutations

You cannot wear most types of armour.
You are amphibious.
You can wear up to eight rings at the same time.
Your skin changes colour to match your surroundings (Stealth+).
Your rubbery body absorbs attacks. (AC +1, EV +1)
((You are camouflaged near water. (Stealth+)))
You have tentacles for arms and can constrict up to eight enemies at once.


Message History

The magic dart hits the bat.
You kill the bat!
Casting: Magic Dart (safe; 1% risk of failure)
Confirm with . or Enter, or press ? or * to list all spells.
Aiming: Magic Dart (safe; 1% risk of failure)
Press: ? - help, Shift-Dir - straight line, f - centaur
Aim: a centaur, quivering arrows (asleep, 100% to hit)
The magic dart hits the centaur.
The centaur is lightly wounded.
The centaur wields a +0 shortbow.
The centaur shoots an arrow.
The arrow hits you!
Casting: Magic Dart (safe; 1% risk of failure)
Confirm with . or Enter, or press ? or * to list all spells.
Aiming: Magic Dart (safe; 1% risk of failure)
Press: ? - help, Shift-Dir - straight line, f/p - centaur
Aim: a centaur, wielding a +0 shortbow and quivering arrows (lightly wounded, 100% to hit)
The magic dart hits the centaur.
The centaur is moderately wounded.
The jackal barks!
The centaur shoots an arrow.
The arrow hits you!
The centaur shoots an arrow.
The arrow hits you!
* * * LOW HITPOINT WARNING * * *
Casting: Magic Dart (safe; 1% risk of failure)
Confirm with . or Enter, or press ? or * to list all spells.
Aiming: Magic Dart (safe; 1% risk of failure)
Press: ? - help, Shift-Dir - straight line, f/p - centaur
Aim: a centaur, wielding a +0 shortbow and quivering arrows (moderately wounded, 100% to hit)
The magic dart hits the centaur.
The centaur is heavily wounded.
A jackal comes into view.
Casting: Magic Dart (safe; 1% risk of failure)
Confirm with . or Enter, or press ? or * to list all spells.
Aiming: Magic Dart (safe; 1% risk of failure)
Press: ? - help, Shift-Dir - straight line, f - jackal
Aim: a jackal (wandering, hasn't noticed you, 100% to hit)
The magic dart hits the jackal.
The jackal is severely wounded.
The jackal barks!
The centaur shoots an arrow.
The arrow hits you!
You die...

...#..##
#..######
.... <.
...#†..####
#...#####..#
##
..........#
#.#.......#
...#.#....#
#.###...###
..........#
#.###.#..#
...#.#.####
#.##..##.#
.......#
..##.## .#
....####
.##..# .
##..# #@##
#. #..#
....†...# ##
####
.....####
.... ... ch
.


You could see a centaur and a jackal.

Vanquished Creatures
  Jessica (D:2)
  5 adders
  2 worms (D:2)
  3 dart slugs
  11 endoplasms
  A giant cockroach (D:1)
  6 goblins
  9 hobgoblins
  A jackal (D:2)
  3 quokkas
  10 ball pythons
  3 bats
  A frilled lizard (D:1)
  8 kobolds
  3 rats
67 creatures vanquished.

Notes
Turn   | Place    | Note
-------+----------+-------------------------------------------
     0 | D:1      | AarnesTheHuman the Octopode Conjurer began the quest for
                  | the Orb.
     0 | D:1      | Reached XP level 1. HP: 11/11 MP: 3/3
   229 | D:1      | Reached XP level 2. HP: 17/17 MP: 0/5
   660 | D:1      | Reached XP level 3. HP: 21/21 MP: 1/6
  1093 | D:1      | Learned a level 2 spell: Searing Ray
  1361 | D:2      | Found Haagua's Distillery.
  1375 | D:2      | Reached XP level 4. HP: 27/27 MP: 4/7
  1446 | D:2      | Noticed Jessica
  1449 | D:2      | Killed Jessica
  2629 | D:2      | Reached XP level 5. HP: 31/31 MP: 6/9
  3362 | D:3      | Noticed a centaur
  3367 | D:3      | Shot with an arrow by a centaur

Illustrated notes

Levels and vault maps discovered:
D:1:      dpeg_arrival_three_smaller_balls, layout_rooms
D:2:      minmay_diamond_boxcup, layout_basic, serial_shops, shop, minmay_puff,
          uniq_jessica
D:3:      layout_rooms, serial_glass, glass_columns_a, glass_columns_a,
          glass_columns_a, glass_columns_b

Skill      XL: |  1  2  3  4  5 |
---------------+----------------+-----
Stealth        | 3 4 |  4.4
Dodging        | 3 |  3.1
Spellcasting   | 3 |  3.0
Conjurations   | |  4.7

Action                   |  1- 3 |  4- 6 || total
-------------------------+-------+-------++-------
Melee: Unarmed           |     4 |       ||     4
       Constrict         |     3 |       ||     3
       Dagger            |     6 |     2 ||     8
       Tentacles         |     2 |       ||     2
 Cast: Magic Dart        |    67 |    81 ||   148
       Searing Ray       |     2 |       ||     2
Armor: Skin              |     1 |     2 ||     3
Dodge: Dodged            |     8 |     8 ||    16
